| TOP OF THE 1ST |
|
Gwinnett Braves batting - Pitching for Las Vegas 51s : RHP David Anzaldua
|
|
Pitching: RHP David Anzaldua
|
|
|
Batting: RHB Edgar Castillo
|
0-0: Ball 1-0: Foul Ball, location: 2F 1-1: Ball 2-1: SINGLE (Line Drive, 34D, EV 109.4 MPH)
|
|
Batting: RHB Alex Munoz
|
0-0: Ball Edgar Castillo steals 2nd base (no throw) 1-0: Ground out 4-3 (Groundball, 4S, EV 68.8 MPH) Edgar Castillo to third
|
|
Batting: SHB Brian Bagley
|
0-0: Called Strike 0-1: Ground out 2-3 (Groundball, 13S, EV 71.2 MPH)
|
|
Batting: SHB Bob Morales
|
0-0: Ball 1-0: Swinging Strike 1-1: Hit by Pitch
|
|
Batting: LHB Chris Locklear
|
0-0: Called Strike 0-1: Called Strike 0-2: Ball 1-2: Ball 2-2: Fielders Choice at 2nd, 6-4 (Groundball, 6D, EV 108.1 MPH)
|
| Top of the 1st over - 0 runs, 1 hit, 0 errors, 2 left on base; Gwinnett 0 - Las Vegas 0 |
| BOTTOM OF THE 1ST |
|
Las Vegas 51s batting - Pitching for Gwinnett Braves : RHP Ryan Casey
|
|
Pitching: RHP Ryan Casey
|
|
|
Batting: SHB Jason Larson
|
0-0: Called Strike 0-1: Ball 1-1: SINGLE (Groundball, 4M, EV 82.5 MPH) (infield hit)
|
|
Batting: LHB Jose Chavez
|
0-0: Ball 1-0: Ball 2-0: Foul Ball, location: 2F 2-1: Swinging Strike 2-2: Strikes out looking
|
|
Batting: RHB Josh Jones
|
0-0: Ball 1-0: Foul Ball, location: 2F 1-1: Grounds into double play, 6-4-3 (Groundball, 6, EV 96.9 MPH)
|
| Bottom of the 1st over - 0 runs, 1 hit, 0 errors, 0 left on base; Gwinnett 0 - Las Vegas 0 |
| TOP OF THE 2ND |
|
Gwinnett Braves batting - Pitching for Las Vegas 51s : RHP David Anzaldua
|
|
Batting: RHB John Peterson
|
0-0: Ball 1-0: Called Strike 1-1: Foul Ball, location: 2F 1-2: DOUBLE (Line Drive, 3D, EV 105.6 MPH)
|
|
Batting: LHB Fred Arends
|
0-0: Swinging Strike 0-1: Ball 1-1: Ball 2-1: SINGLE (Groundball, 34D, EV 94.4 MPH) John Peterson to third Runner from 3rd tries for Home, throw by RF and OUT! 9-2 Fred Arends to second
|
|
Batting: RHB Riley Nasiir
|
0-0: Swinging Strike 0-1: Foul Ball, location: 2F 0-2: Ball 1-2: Ball 2-2: Strikes out swinging, 2-3 out at first.
|
|
Batting: RHB Mike Manchester
|
0-0: Called Strike 0-1: Foul Ball, location: 2F 0-2: Ball 1-2: Ball 2-2: Foul Ball, location: 2F 2-2: Ball 3-2: Strikes out swinging
|
| Top of the 2nd over - 0 runs, 2 hits, 0 errors, 1 left on base; Gwinnett 0 - Las Vegas 0 |
| BOTTOM OF THE 2ND |
|
Las Vegas 51s batting - Pitching for Gwinnett Braves : RHP Ryan Casey
|
|
Batting: SHB Harrison Feist
|
0-0: Ball 1-0: Ball 2-0: Ground out 4-3 (Groundball, 4D, EV 98.1 MPH)
|
|
Batting: LHB Bill Armijo
|
0-0: Ball 1-0: Ball 2-0: Called Strike 2-1: Foul Ball, location: 2F 2-2: Strikes out swinging
|
|
Batting: SHB Nelson Powell
|
0-0: Called Strike 0-1: Foul Ball, location: 2F 0-2: Ball 1-2: Ball 2-2: Fly out, F5 (Line Drive, 56, EV 73.1 MPH)
|
| Bottom of the 2nd over - 0 runs, 0 hits, 0 errors, 0 left on base; Gwinnett 0 - Las Vegas 0 |
| TOP OF THE 3RD |
|
Gwinnett Braves batting - Pitching for Las Vegas 51s : RHP David Anzaldua
|
|
Batting: RHB Edgar Castillo
|
0-0: Ball 1-0: Fly out, F9 (Flyball, 9, EV 91.9 MPH)
|
|
Batting: RHB Alex Munoz
|
0-0: SINGLE (Line Drive, 4MD, EV 105.0 MPH)
|
|
Batting: SHB Brian Bagley
|
0-0: Called Strike 0-1: Ball 1-1: Swinging Strike 1-2: Ball 2-2: Grounds into double play, 4-6-3 (Groundball, 4, EV 83.1 MPH)
|
| Top of the 3rd over - 0 runs, 1 hit, 0 errors, 0 left on base; Gwinnett 0 - Las Vegas 0 |
| BOTTOM OF THE 3RD |
|
Las Vegas 51s batting - Pitching for Gwinnett Braves : RHP Ryan Casey
|
|
Batting: RHB Ken Fitzpatrick
|
0-0: Called Strike 0-1: Swinging Strike 0-2: Strikes out swinging
|
|
Batting: RHB Roger Renteria
|
0-0: Ground out 5-3 (Groundball, 56S, EV 65.6 MPH)
|
|
Batting: RHB Alex Vasquez
|
0-0: Ball 1-0: Called Strike 1-1: Foul Ball, location: 2F 1-2: Ground out 5-3 (Groundball, 56, EV 100.6 MPH)
|
| Bottom of the 3rd over - 0 runs, 0 hits, 0 errors, 0 left on base; Gwinnett 0 - Las Vegas 0 |
| TOP OF THE 4TH |
|
Gwinnett Braves batting - Pitching for Las Vegas 51s : RHP David Anzaldua
|
|
Batting: SHB Bob Morales
|
0-0: Called Strike 0-1: Ball 1-1: Fly out, F7 (Flyball, 7LS, EV 96.9 MPH)
|
|
Batting: LHB Chris Locklear
|
0-0: Ball 1-0: Ball 2-0: Ball 3-0: Called Strike 3-1: SINGLE (Line Drive, 9LS, EV 102.5 MPH)
|
|
Batting: RHB John Peterson
|
0-0: Called Strike Chris Locklear is caught stealing 2nd base 2-4 0-1: Called Strike 0-2: Foul Ball, location: 2F 0-2: Ball 1-2: Fly out, F7 (Line Drive, 7S, EV 86.2 MPH)
|
| Top of the 4th over - 0 runs, 1 hit, 0 errors, 0 left on base; Gwinnett 0 - Las Vegas 0 |
| BOTTOM OF THE 4TH |
|
Las Vegas 51s batting - Pitching for Gwinnett Braves : RHP Ryan Casey
|
|
Batting: SHB Jason Larson
|
0-0: Ball 1-0: Ball 2-0: Ball 3-0: Base on Balls
|
|
Batting: LHB Jose Chavez
|
0-0: Ball Jason Larson steals 2nd base 1-0: Ground out 4-3 (Groundball, 4, EV 86.2 MPH) Jason Larson to third
|
|
Batting: RHB Josh Jones
|
0-0: Called Strike 0-1: Ground out 5-3 (Groundball, 56, EV 79.4 MPH) Jason Larson scores
|
|
Batting: SHB Harrison Feist
|
0-0: Fly out, F7 (Line Drive, 7S, EV 95.0 MPH)
|
| Bottom of the 4th over - 1 run, 0 hits, 0 errors, 0 left on base; Gwinnett 0 - Las Vegas 1 |
| TOP OF THE 5TH |
|
Gwinnett Braves batting - Pitching for Las Vegas 51s : RHP David Anzaldua
|
|
Batting: LHB Fred Arends
|
0-0: Ball 1-0: Ball 2-0: Ground out U3 (Groundball, 3, EV 88.1 MPH)
|
|
Batting: RHB Riley Nasiir
|
0-0: Ground out 6-3 (Groundball, 6, EV 88.1 MPH)
|
|
Batting: RHB Mike Manchester
|
0-0: Called Strike 0-1: Ball 1-1: Called Strike 1-2: Ball 2-2: Ball 3-2: TRIPLE (Flyball, 78XD, EV 105.6 MPH)
|
|
Batting: RHB Edgar Castillo
|
0-0: Ground out 5-3 (Groundball, 56, EV 92.5 MPH)
|
| Top of the 5th over - 0 runs, 1 hit, 0 errors, 1 left on base; Gwinnett 0 - Las Vegas 1 |
| BOTTOM OF THE 5TH |
|
Las Vegas 51s batting - Pitching for Gwinnett Braves : RHP Ryan Casey
|
|
Batting: LHB Bill Armijo
|
0-0: Ball 1-0: Foul Ball, location: 2F 1-1: Ground out 1-3 (Groundball, 13S, EV 73.1 MPH)
|
|
Batting: SHB Nelson Powell
|
0-0: Ball 1-0: Ball 2-0: Ball 3-0: Called Strike 3-1: Foul Ball, location: 2F 3-2: Strikes out swinging
|
|
Batting: RHB Ken Fitzpatrick
|
0-0: Ball 1-0: Ball 2-0: Called Strike 2-1: Foul Ball, location: 2F 2-2: Strikes out swinging
|
| Bottom of the 5th over - 0 runs, 0 hits, 0 errors, 0 left on base; Gwinnett 0 - Las Vegas 1 |
| TOP OF THE 6TH |
|
Gwinnett Braves batting - Pitching for Las Vegas 51s : RHP David Anzaldua
|
|
Batting: RHB Alex Munoz
|
0-0: Called Strike 0-1: Ball 1-1: Ground out 6-3 (Groundball, 6S, EV 77.5 MPH)
|
|
Batting: SHB Brian Bagley
|
0-0: Ball 1-0: Called Strike 1-1: Ground out U3 (Groundball, 3, EV 88.8 MPH)
|
|
Batting: SHB Bob Morales
|
0-0: Swinging Strike 0-1: Ball 1-1: Foul Ball, location: 2F 1-2: Ball 2-2: SOLO HOME RUN (Flyball, 78XD, EV 100.0 MPH), Distance : 400 ft
|
|
Batting: LHB Chris Locklear
|
0-0: Ball 1-0: Ball 2-0: DOUBLE (Groundball, 5L, EV 108.8 MPH)
|
|
Batting: RHB John Peterson
|
0-0: Ball 1-0: Ball 2-0: Called Strike 2-1: Swinging Strike 2-2: Foul Ball, location: 2F 2-2: Strikes out swinging
|
| Top of the 6th over - 1 run, 2 hits, 0 errors, 1 left on base; Gwinnett 1 - Las Vegas 1 |
| BOTTOM OF THE 6TH |
|
Las Vegas 51s batting - Pitching for Gwinnett Braves : RHP Ryan Casey
|
|
Batting: RHB Roger Renteria
|
0-0: Ball 1-0: Swinging Strike 1-1: Swinging Strike 1-2: Ball 2-2: Hit by Pitch
|
|
Batting: RHB Alex Vasquez
|
0-0: Ball 1-0: Ball Roger Renteria is caught stealing 2nd base 2-4 2-0: Foul Ball, location: 2F 2-1: Fly out, F8 (Flyball, 8RD, EV 91.2 MPH)
|
|
Batting: SHB Jason Larson
|
0-0: Ball 1-0: Ball 2-0: Ball 3-0: Called Strike 3-1: Base on Balls
|
|
Batting: LHB Jose Chavez
|
0-0: Called Strike 0-1: Fly out, F7 (Flyball, 7S, EV 74.4 MPH)
|
| Bottom of the 6th over - 0 runs, 0 hits, 0 errors, 1 left on base; Gwinnett 1 - Las Vegas 1 |
| TOP OF THE 7TH |
|
Gwinnett Braves batting - Pitching for Las Vegas 51s : RHP David Anzaldua
|
|
Batting: LHB Fred Arends
|
0-0: Foul Ball, location: 2F 0-1: Called Strike 0-2: Foul Ball, location: 2F 0-2: SINGLE (Groundball, 5D, EV 101.2 MPH)
|
|
Batting: RHB Riley Nasiir
|
0-0: Bunted foul 0-1: Sac Bunt to 2L - play at first, batter OUT! 2-3 Fred Arends to second
|
|
Batting: RHB Mike Manchester
|
0-0: Ball 1-0: Called Strike 1-1: 2-RUN HOME RUN (Flyball, 7LD, EV 93.8 MPH), Distance : 334 ft
|
|
Batting: RHB Edgar Castillo
|
0-0: Called Strike 0-1: Ball 1-1: Called Strike 1-2: Foul Ball, location: 2F 1-2: Foul Ball, location: 2F 1-2: Strikes out swinging
|
|
Batting: RHB Alex Munoz
|
0-0: Called Strike 0-1: Foul Ball, location: 2F 0-2: Ground out 6-3 (Groundball, 6, EV 100.0 MPH)
|
| Top of the 7th over - 2 runs, 2 hits, 0 errors, 0 left on base; Gwinnett 3 - Las Vegas 1 |
| BOTTOM OF THE 7TH |
|
Las Vegas 51s batting - Pitching for Gwinnett Braves : RHP Ryan Casey
|
|
Batting: RHB Josh Jones
|
0-0: Ball 1-0: Foul Ball, location: 2F 1-1: Ball 2-1: Called Strike 2-2: Foul Ball, location: 2F 2-2: Ball 3-2: Ground out 6-3 (Groundball, 6, EV 90.6 MPH)
|
|
Batting: SHB Harrison Feist
|
0-0: Ball 1-0: Called Strike 1-1: Foul Ball, location: 2F 1-2: Ball 2-2: Ball 3-2: Foul Ball, location: 2F 3-2: Fly out, F6 (Flyball, 6D, EV 86.9 MPH)
|
|
Pitching: LHP Justin Sullins
|
|
|
Batting: LHB Bill Armijo
|
0-0: Called Strike 0-1: Ball 1-1: Fly out, F7 (Flyball, 78M, EV 91.9 MPH)
|
| Bottom of the 7th over - 0 runs, 0 hits, 0 errors, 0 left on base; Gwinnett 3 - Las Vegas 1 |
| TOP OF THE 8TH |
|
Gwinnett Braves batting - Pitching for Las Vegas 51s : RHP David Anzaldua
|
|
Pitching: RHP Thomas Clark
|
|
|
Batting: SHB Brian Bagley
|
0-0: Foul Ball, location: 2F 0-1: Ball 1-1: Swinging Strike 1-2: Foul Ball, location: 2F 1-2: Ball 2-2: Foul Ball, location: 2F 2-2: Foul Ball, location: 2F 2-2: Ball 3-2: Strikes out swinging
|
|
Batting: SHB Bob Morales
|
0-0: Swinging Strike 0-1: Foul Ball, location: 2F 0-2: Ball 1-2: Strikes out swinging, 2-3 out at first.
|
|
Batting: LHB Chris Locklear
|
0-0: Ground out 4-3 (Groundball, 4, EV 100.0 MPH)
|
| Top of the 8th over - 0 runs, 0 hits, 0 errors, 0 left on base; Gwinnett 3 - Las Vegas 1 |
| BOTTOM OF THE 8TH |
|
Las Vegas 51s batting - Pitching for Gwinnett Braves : LHP Justin Sullins
|
|
Batting: SHB Nelson Powell
|
0-0: Called Strike 0-1: Foul Ball, location: 2F 0-2: Ball 1-2: Strikes out looking
|
|
Batting: RHB Ken Fitzpatrick
|
0-0: Ball 1-0: Ground out 6-3 (Groundball, 6, EV 90.0 MPH)
|
|
Batting: RHB Roger Renteria
|
0-0: Foul Ball, location: 2F 0-1: Foul Ball, location: 2F 0-2: Foul Ball, location: 2F 0-2: Ball 1-2: Strikes out swinging
|
| Bottom of the 8th over - 0 runs, 0 hits, 0 errors, 0 left on base; Gwinnett 3 - Las Vegas 1 |
| TOP OF THE 9TH |
|
Gwinnett Braves batting - Pitching for Las Vegas 51s : RHP Thomas Clark
|
|
Pitching: RHP Alastair Henry
|
|
|
Batting: RHB John Peterson
|
0-0: Called Strike 0-1: Ground out 4-3 (Groundball, 4, EV 103.8 MPH)
|
|
Batting: LHB Fred Arends
|
0-0: Ball 1-0: DOUBLE (Flyball, 78D, EV 98.1 MPH)
|
|
Batting: RHB Riley Nasiir
|
0-0: Ball 1-0: Foul Ball, location: 2F 1-1: Ball 2-1: Called Strike 2-2: Strikes out looking
|
|
Batting: RHB Mike Manchester
|
0-0: Foul Ball, location: 2F 0-1: Foul Ball, location: 2F 0-2: Ball 1-2: Strikes out swinging
|
| Top of the 9th over - 0 runs, 1 hit, 0 errors, 1 left on base; Gwinnett 3 - Las Vegas 1 |
| BOTTOM OF THE 9TH |
|
Las Vegas 51s batting - Pitching for Gwinnett Braves : LHP Justin Sullins
|
|
Pitching: RHP Chong-hun Park
|
|
|
Batting: RHB Alex Vasquez
|
0-0: Called Strike 0-1: Foul Ball, location: 2F 0-2: Ball 1-2: Strikes out swinging
|
|
Batting: SHB Jason Larson
|
0-0: Fly out, F9 (Flyball, 89S, EV 91.2 MPH)
|
|
Batting: LHB Jose Chavez
|
0-0: Ball 1-0: Foul Ball, location: 2F 1-1: Called Strike 1-2: Strikes out swinging
|
| Bottom of the 9th over - 0 runs, 0 hits, 0 errors, 0 left on base; Gwinnett 3 - Las Vegas 1 |
|